 Dungeon Crawl Stone Soup version 0.27.1-34-g3ba077fa99 (webtiles) character file.

Game seed: 11607482796738718308

27 Descartes the Grasshopper (level 3, -1/27 HPs)
             Began as a Formicid Warper on Jan 16, 2022.
             Slain by Sigmund (8 damage)
             ... on level 2 of the Dungeon.
             The game lasted 00:01:25 (1415 turns).

Descartes the Grasshopper (Formicid Warper)         Turns: 1415, Time: 00:01:25

Health: -1/27      AC:  3    Str: 16    XL:     3   Next: 25%
Magic:  6/6        EV: 11    Int: 12    God:
Gold:   105        SH:  0    Dex: 10    Spells: 6/6 levels left

rFire    . . .     SeeInvis +   a - +0 mace
rCold    . . .     Faith    .   (no shield)
rNeg     . . .     Spirit   .   b - +0 leather armour
rPois    .         Reflect  .   (helmet unavailable)
rElec    .         Harm     .   (no cloak)
rCorr    .         Rampage  .   (no gloves)
Will     .....                  (no boots)
Stlth    +.........             (no amulet)
HPRegen  0.09/turn              (no ring)
MPRegen  0.10/turn              (no ring)

@: no status effects
A: permanent stasis, dig shafts and tunnels, antennae 3, four strong arms
a: Dig, Shaft Self


You were on level 2 of the Dungeon.
You visited 1 branch of the dungeon, and saw 2 of its levels.

You collected 105 gold pieces.

Inventory:

Hand Weapons
 a - a +0 mace (weapon)
Missiles
 c - 5 boomerangs of dispersal (quivered)
 f - 36 poisoned darts
 h - 4 stones
Armour
 b - a +0 leather armour (worn)
Scrolls
 e - a scroll of torment {unknown}
 g - a scroll of magic mapping {unknown}
 i - a scroll of fog {unknown}
Potions
 d - a potion of curing {unknown}


   Skills:
 - Level 2.1 Fighting
 - Level 2.0 Maces & Flails
 - Level 1.0 Throwing
 + Level 2.4 Armour
 - Level 1.7 Dodging
 - Level 2.1 Spellcasting
 + Level 3.2 Translocations


You had 6 spell levels left.
You didn't know any spells.
Your spell library contained the following spells:

 Spells                   Type           Power      Damage    Failure   Level
 Gell's Gravitas          Tloc           4%         N/A       24%         3
 Lesser Beckoning         Tloc           4%         N/A       24%         3
 Teleport Other           Tloc           9%         N/A       24%         3
 Manifold Assault         Tloc           9%         N/A       92%         5
 Blink                    Tloc           Unusable   N/A       N/A         2

Dungeon Overview and Level Annotations

Branches:
Dungeon (2/15)

Altars:

Annotations:
D:2 Sigmund


Innate Abilities, Weirdness & Mutations

You cannot be hasted, slowed, berserked, paralysed or teleported.
You can dig through walls and to a lower floor.
You have a pair of large antennae on your head. (SInv)
Your four strong arms can wield two-handed weapons with a shield.


Message History

You closely miss the giant cockroach.
The giant cockroach is heavily wounded.
The giant cockroach bites you but does no damage.
The giant cockroach misses you.
You sock the giant cockroach!
You kill the giant cockroach!
No target in view!
No target in view!
No target in view!
No target in view!
No target in view!
You see here a +0 club.
There is a staircase leading out of the dungeon here.
You see here a +0 dagger.
Done exploring.
Done exploring.
There is a stone staircase leading down here.
You climb downwards.
There is a stone staircase leading up here.
You are not religious.
You are not religious.
Sigmund gestures wildly while chanting.
Sigmund flickers and vanishes for a moment.
Sigmund closely misses you.
You closely miss Sigmund. Sigmund closely misses you.
You closely miss Sigmund.
Sigmund flickers, as though insubstantial.
Sigmund barely misses you.
You completely miss Sigmund. Sigmund hits you with a +0 scythe!
You sock Sigmund!
Sigmund is moderately wounded.
Sigmund points at you and mumbles some strange words.
The magic dart hits you!
* * * LOW HITPOINT WARNING * * *
You sock Sigmund!
Sigmund is heavily wounded.
Sigmund laughs darkly.
Sigmund drinks a potion.
Sigmund is healed!
Sigmund hits you from afar with a +0 scythe!
You die...

...........#
..........#
#.........#
#.........#
#.###.........#
.............#
#.........#
#<.@.@....#
#.........#
##.......##
##.....##
#######


You could see Sigmund (invisible).

Vanquished Creatures
  3 bats (D:1)
  2 endoplasms (D:2)
  3 giant cockroaches (D:1)
  2 hobgoblins
  3 jackals (D:1)
  2 kobolds (D:1)
  3 quokkas
  A ball python (D:1)
  A goblin (D:1)
  2 rats
22 creatures vanquished.

Notes
Turn   | Place    | Note
-------+----------+-------------------------------------------
     0 | D:1      | Descartes the Formicid Warper began the quest for the Orb.
     0 | D:1      | Reached XP level 1. HP: 16/16 MP: 3/3
    15 | D:1      | You fall into a shaft and drop 1 floor!
   183 | D:2      | Reached XP level 2. HP: 7/22 MP: 5/5
   411 | D:2      | Reached skill level 3 in Translocations
   931 | D:1      | Reached XP level 3. HP: 25/27 MP: 6/6
  1406 | D:2      | Noticed Sigmund
  1415 | D:2      | Slain by Sigmund

Illustrated notes

Levels and vault maps discovered:
D:1:      matt_arrival_grand_opening, layout_loops_ring,
          minmay_worlds_worst_comb
D:2:      layout_rooms, uniq_sigmund

Skill      XL: |  1  2 |
---------------+-------+-----
Translocations | 3 |  3.2
Armour         | 2 |  2.4
Fighting       | |  2.1
Maces & Flails | |  2.0
Throwing       | |  1.0
Dodging        | |  1.7
Spellcasting   | |  2.1

Action                   || total
-------------------------++-------
Melee: Mace              ||    80
Armor: Leather armour    ||    23
Dodge: Dodged            ||    66
